 Dungeon Crawl Stone Soup version 0.29.1-15-g9cfb28693d (webtiles) character file.

Game seed: 17205520376735621663

26 Mickster the Covered (level 2, -3/25 HPs)
             Began as a Demigod Fighter on Mar 6, 2023.
             Slain by a starcursed mass (10 damage)
             ... on level 1 of the Abyss.
             The game lasted 00:07:32 (1066 turns).

Mickster the Covered (Demigod Fighter)              Turns: 1066, Time: 00:07:33

Health: -3/25      AC:  8    Str: 17    XL:     2   Next: 69%
Magic:  4/4        EV:  9    Int: 10    God:
Gold:   42         SH:  4    Dex: 13    Spells: 1/1 levels left

rFire   . . .      SeeInvis +   a - +0 war axe
rCold   . . .      Faith    .   c - +0 buckler
rNeg    . . .      Spirit   .   b - +0 scale mail
rPois   .          Reflect  .   (no helmet)
rElec   .          Harm     .   i - +1 cloak
rCorr   .          Rampage  .   (no gloves)
Will    .....                   (no boots)
Stlth   ..........              (no amulet)
HPRegen 0.08/turn               h - ring of see invisible
MPRegen 0.09/turn               (no ring)

@: no status effects
A: high MP 1, forlorn, divine attributes
a: no special abilities


You were on level 1 of the Abyss.
You visited 1 branch of the dungeon, and saw 1 of its levels.
You visited the Abyss 1 time.

You collected 42 gold pieces.

Inventory:

Hand Weapons
 a - a +0 war axe (weapon)
 f - a +2 dagger of distortion
 j - a +0 flail
Missiles
 e - 8 stones (quivered)
Armour
 b - a +0 scale mail (worn)
 c - a +0 buckler (worn)
 i - a +1 cloak (worn)
Jewellery
 h - a ring of see invisible (left hand)
Potions
 d - a potion of might
 g - a potion of curing


   Skills:
 + Level 2.9 Fighting
 - Level 0.1 Short Blades
 * Level 2.2 Axes
 * Level 3.0 Armour
 + Level 3.0 Shields


You had one spell level left.
You didn't know any spells.
Your spell library was empty.

Dungeon Overview and Level Annotations

Branches:
Dungeon (1/15)


Innate Abilities, Weirdness & Mutations

You have an increased reservoir of magic. (+10% MP)
You shall have no god before yourself.
Your divine heritage dramatically boosts your attributes as you level up.


Message History

Killing monsters will force the Abyss to allow you passage.
This branch contains the abyssal rune of Zot.
There is an empty arch of ancient stone here.
There is nothing on the other side of the stone arch.
There is nothing on the other side of the stone arch.
A starcursed mass comes into view.
A polar bear comes into view.
The starcursed mass shrieks in your mind.
The polar bear growls angrily.
A starcursed mass splits.
A chorus of shrieks assaults your mind.
You slash the starcursed mass!
The starcursed mass is lightly damaged.
You hit the starcursed mass but do no damage.
The starcursed mass shudders and is absorbed by its neighbour.
The starcursed mass barely misses you.
A starcursed mass splits.
You hit the starcursed mass but do no damage.
The starcursed mass is lightly damaged.
You hit the starcursed mass but do no damage.
A starcursed mass splits. x2; You block the polar bear's attack.
The polar bear claws you but does no damage. x2
You hit the starcursed mass but do no damage.
The starcursed mass is lightly damaged.
You hit the starcursed mass. x2
You hit the polar bear but do no damage.
The starcursed mass shudders and is absorbed by its neighbour. x2
The starcursed mass touches you. The polar bear barely misses you.
The polar bear claws you but does no damage.
The polar bear claws you.
A starcursed mass splits.
You slash the polar bear!
The polar bear is moderately wounded.
You slash the starcursed mass!
You hit the starcursed mass but do no damage. x2
The starcursed mass shudders and is absorbed by its neighbour.
The polar bear barely misses you. The polar bear claws you.
* * * LOW HITPOINT WARNING * * *
The polar bear claws you but does no damage.
A starcursed mass splits.
The starcursed mass touches you!
You die...

#.# . .....#
...
#..#.#.###..##
#.........∩#
##....##. # .
#...###...# #.#
# .... ##.#
#...###.### #.
........#####.#
#...#..h@X....#
.# #...XX###.#
#.###.# #. #..
... .. ....
.#..... ##.#
.#.... # .#
..##.##. .. ..
..# #


You could see 3 starcursed masses and a polar bear.

Vanquished Creatures
  A gnoll (D:1)
  2 endoplasms (D:1)
  2 goblins (D:1)
  2 hobgoblins (D:1)
  3 kobolds (D:1)
  2 ball pythons (D:1)
  A bat (D:1)
  A frilled lizard (D:1)
  2 rats (D:1)
16 creatures vanquished.

Vanquished Creatures (others)
  2 fungi (D:1)
  3 plants (D:1)
5 creatures vanquished.

Grand Total: 21 creatures vanquished

Notes
Turn   | Place    | Note
-------+----------+-------------------------------------------
     0 | D:1      | Mickster the Demigod Fighter began the quest for the Orb.
     0 | D:1      | Reached XP level 1. HP: 18/18 MP: 3/3
   143 | D:1      | Reached XP level 2. HP: 7/25 MP: 4/4
  1041 | Abyss:1  | Cast into level 1 of the Abyss (unwielding a weapon of
                  | distortion)
  1058 | Abyss:1  | Noticed a starcursed mass
  1059 | Abyss:1  | Noticed a polar bear
  1066 | Abyss:1  | Slain by a starcursed mass

Illustrated notes

Levels and vault maps discovered:
D:1:      wander_arrival_fairy_ring, layout_basic
Abyss:1:  base:
D:1

Skill      XL: |  1  2 |
---------------+-------+-----
Axes           | 2 |  2.2
Armour         | 3 |  3.0
Shields        | 3 |  3.0
Fighting       | |  2.9
Short Blades   | |  0.1

Action                   || total
-------------------------++-------
Melee: War axe           ||    38
       Dagger            ||     8
  Use: Scroll            ||     1
       Potion            ||     1
Armor: Scale mail        ||    21
Dodge: Dodged            ||    20
Block: Buckler           ||     5
